 Dungeon Crawl Stone Soup version 0.29-a0-1027-gcd8c55af63 (webtiles) character file.

Game seed: 944678678905114111

650 Manisian the Cleaver (level 7, -2/60 HPs)
             Began as a Minotaur Fighter on Aug 10, 2022.
             Slain by an ogre
             ... wielding a +0 giant club
              (18 damage)
             ... on level 4 of the Dungeon on Aug 12, 2022.
             The game lasted 00:05:54 (3775 turns).

Manisian the Cleaver (Minotaur Fighter)             Turns: 3775, Time: 00:05:55

Health: -2/60      AC:  7    Str: 22    XL:     7   Next: 28%
Magic:  6/6        EV:  9    Int:  5    God:
Gold:   205        SH:  4    Dex: 10    Spells: 6/6 levels left

rFire   . . .      SeeInvis .   a - +0 war axe
rCold   . . .      Faith    .   c - +0 buckler
rNeg    . . .      Spirit   .   b - +0 scale mail
rPois   .          Reflect  .   (helmet restricted)
rElec   .          Harm     .   (no cloak)
rCorr   .          Rampage  .   (no gloves)
Will    .....                   (no boots)
Stlth   ..........              (no amulet)
HPRegen 0.20/turn               (no ring)
MPRegen 0.10/turn               (no ring)

@: no status effects
A: horns 2, retaliatory headbutt
a: no special abilities


You were on level 4 of the Dungeon.
You visited 1 branch of the dungeon, and saw 4 of its levels.

You collected 205 gold pieces.

Inventory:

Hand Weapons
 a - a +0 war axe (weapon)
 p - a +1 antimagic scythe
Armour
 b - a +0 scale mail (worn)
 c - a +0 buckler (worn)
Wands
 d - a wand of light (13)
Scrolls
 e - 4 scrolls of teleportation
 h - 3 scrolls of vulnerability
 i - 3 scrolls of immolation
 n - 3 scrolls of poison
 o - a scroll of amnesia
 s - a scroll of identify {unknown}
 t - a scroll of magic mapping {unknown}
Potions
 f - a potion of heal wounds {unknown}
 g - a potion of curing {unknown}
 j - a potion of degeneration {unknown}
 k - a potion of resistance {unknown}
 l - a potion of attraction {unknown}
 m - a potion of flight {unknown}
 q - a potion of mutation {unknown}
 r - 2 potions of might


   Skills:
 - Level 4.3 Fighting
 + Level 8.9 Axes
 - Level 4.3 Armour
 - Level 0.2 Dodging
 - Level 4.2 Shields


You had 6 spell levels left.
You didn't know any spells.
Your spell library contained the following spells:

 Spells                   Type           Power      Damage    Failure   Level
 Summon Small Mammal      Summ           0%         N/A       87%         1
 Call Canine Familiar     Summ           0%         N/A       99%         3
 Summon Guardian Golem    Hex/Summ       0%         N/A       99%         3


Dungeon Overview and Level Annotations

Branches:
Dungeon (4/15)
 Temple: D:4-7

Altars:
Ru

Shops:
D:4 :


Innate Abilities, Weirdness & Mutations

You have a pair of horns on your head.
You reflexively headbutt those who attack you in melee.


Message History

Welcome back, Manisian the Minotaur Fighter.
Press ? for a list of commands and other information.
d - a wand of light (13)
i - 2 scrolls of immolation (gained 1)
q - a fuming orange potion You now have 178 gold pieces (gained 14).
Things that are here:
a +0 club; a +0 sling; a goblin skeleton You now have 184 gold pieces (gained 6).
r - 2 potions of might You now have 190 gold pieces (gained 6).
i - 3 scrolls of immolation (gained 1)
You see here the +1 leather armour of Nemelex Xobeh's Esteem {rCorr}.
s - a scroll labelled YTITAUH HAPLEMN
t - a scroll labelled METTUK SYSEH
e - 4 scrolls of teleportation (gained 1)
You now have 205 gold pieces (gained 15).
There is a stone staircase leading up here.
n - 3 scrolls of poison (gained 1)
An ogre comes into view. It is wielding a +0 giant club.
The ogre shouts!
An ogre is nearby!
An ogre is nearby!
You slash the ogre! You headbutt the ogre.
The ogre is severely wounded.
The ogre hits you with a +0 giant club!!
You hit the ogre.
The ogre is almost dead.
The ogre barely misses you.
You hit the ogre.
The ogre is almost dead.
You barely miss the ogre.
You headbutt the ogre, but do no damage.
The ogre is almost dead.
The ogre hits you with a +0 giant club!
* * * LOW HITPOINT WARNING * * *
You hit the ogre but do no damage.
The ogre is almost dead.
The ogre hits you with a +0 giant club!!
You die...

###############
##########.............#
##......................#
........................#
........................#
........#.......O.......####
................@.......[..#
##.......##.............##.#
#.......##.............##.######
###.....................##.†....#
......................>.######.##
........................# #..#.#
........................# #....#
...............########## ##.###
###............# #.#


You could see an ogre.

Vanquished Creatures
  Grinder (D:4)
  Sigmund (D:4)
  Pargi (D:4)
  An orc priest (D:3)
  6 adders
  A worm (D:4)
  3 dart slugs
  5 orcs (D:3)
  6 bats
  7 endoplasms
  4 giant cockroaches
  8 goblins
  13 hobgoblins
  7 jackals
  7 kobolds
  4 quokkas
  9 ball pythons
  10 frilled lizards
  2 rats (D:1)
96 creatures vanquished.

Notes
Turn   | Place    | Note
-------+----------+-------------------------------------------
     0 | D:1      | Manisian the Minotaur Fighter began the quest for the Orb.
     0 | D:1      | Reached XP level 1. HP: 19/19 MP: 0/0
   128 | D:1      | Reached XP level 2. HP: 21/27 MP: 1/1
   619 | D:1      | Reached XP level 3. HP: 14/33 MP: 2/2
   873 | D:1      | Found a faded altar of an unknown god.
   881 | D:1      | Reached skill level 3 in Axes
  1282 | D:2      | Reached XP level 4. HP: 36/40 MP: 3/3
  1878 | D:2      | Upgraded the game from 0.29-a0-1019-g84f7d21838 to
                  | 0.29-a0-1023-g6ae1a4a2c7
  1958 | D:3      | Reached skill level 4 in Axes
  2131 | D:3      | Reached XP level 5. HP: 42/47 MP: 4/4
  2198 | D:3      | Reached skill level 5 in Axes
  3074 | D:4      | Noticed Sigmund
  3136 | D:4      | Killed Sigmund
  3137 | D:4      | Reached skill level 6 in Axes
  3137 | D:4      | Reached XP level 6. HP: 50/53 MP: 2/5
  3196 | D:4      | Reached skill level 7 in Axes
  3242 | D:4      | Noticed Pargi
  3248 | D:4      | Killed Pargi
  3338 | D:4      | Found Bunlen's Self-Improvement Boutique.
  3413 | D:4      | Noticed Grinder
  3422 | D:4      | Killed Grinder
  3423 | D:4      | Reached skill level 8 in Axes
  3423 | D:4      | Reached XP level 7. HP: 49/60 MP: 6/6
  3507 | D:4      | Found a sacrificial altar of Ru.
  3616 | D:4      | Upgraded the game from 0.29-a0-1023-g6ae1a4a2c7 to
                  | 0.29-a0-1027-gcd8c55af63
  3691 | D:4      | Identified the +1 leather armour of Nemelex Xobeh's Esteem
                  | {rCorr}
  3775 | D:4      | Slain by an ogre

Illustrated notes

Levels and vault maps discovered:
D:1:      roderic_octagonal_star, layout_basic,
          dreamdust_ecumenical_altar_angels_and_demons
D:2:      layout_basic
D:3:      layout_basic
D:4:      layout_basic, mainiacjoe_overflow_boulevard, nicolae_shop_self_help,
          uniq_pargi, uniq_grinder, uniq_sigmund

Skill      XL: |  1  2  3  4  5  6 |
---------------+-------------------+-----
Armour         | 4 |  4.3
Shields        | 4 |  4.2
Fighting       | 4 |  4.3
Axes           | 3 4 6 8 |  8.9
Dodging        | |  0.2

Action                   |  1- 3 |  4- 6 |  7- 9 || total
-------------------------+-------+-------+-------++-------
Melee: War axe           |   103 |    94 |     5 ||   202
       Headbutt          |    10 |    15 |     2 ||    27
       Unarmed           |       |     1 |       ||     1
  Use: Scroll            |     2 |     4 |       ||     6
       Potion            |       |     2 |       ||     2
Armor: Scale mail        |    56 |    40 |       ||    96
Dodge: Dodged            |    51 |    43 |     1 ||    95
Block: Buckler           |    39 |    15 |       ||    54

Table legend: (Time is in decaauts)
 A = Elapsed time spent in this place.
 B = Non-inter-level travel time spent in this place.
 C = Inter-level travel time spent in this place.
 D = Time resting spent in this place.
 E = Time spent auto-exploring this place.
 F = Levels seen in this place.
 G = Mean time per level.
                   A        B        C        D        E       F      G
               +--------+--------+--------+--------+--------+-----+--------+
         Total |   3828 |   3729 |     99 |    120 |   2898 |   4 |  957.0 |
       Dungeon |   3828 |   3729 |     99 |    120 |   2898 |   4 |  957.0 |
               +--------+--------+--------+--------+--------+-----+--------+

Top non-repeatable levels by time:
     D:1: 1177 daAuts
     D:3: 1104 daAuts
     D:2: 774 daAuts
     D:4: 772 daAuts
